Map: Acropolis LE

Players

Bly - Winner!

  • Race: Zerg Zerg
  • Spawn Location: 5:00

Semper

  • Race: Terran Terran
  • Spawn Location: 11:00

VOD

Have the link to the VOD?

Description

Time

  • Played on: Sept. 6, 2019, 12:16 p.m.
  • Length: 6:32
Show
View Real Time Build Order
Export as new Build Order

Bly Zerg - Winner!

Build Orders: Hatch First 

Get SALT Encoding   

  12  0:01  Drone  
  13  0:12  Overlord  
  13  0:18  Drone  
  14  0:30  Drone x2  
  16  0:48  Hatchery  
  15  0:53  Drone  
  15  0:56  Drone  
  17  0:59  Drone  
  18  1:11  Extractor  
  17  1:15  Spawning Pool  
  17  1:17  Drone  
  17  1:21  Drone  
  18  1:28  Drone  
  19  1:38  Drone  
  20  1:49  Overlord  
  20  2:01  Queen x2  
  20  2:02  Zergling x2  
  20  2:04  Zergling x2  
  26  2:11  Drone x2  
  26  2:13  Metabolic Boost  
  28  2:21  Drone x2  
  30  2:31  Extractor  
  30  2:36  Drone  
  30  2:37  Overlord  
  30  2:40  Queen  
  33  3:00  Drone x4  
  33  3:05  Lair  
  36  3:09  Overlord  
  36  3:13  Drone x5  
  36  3:14  Drone  
  42  3:20  Extractor  
  42  3:24  Zergling x6  
  44  3:38  Drone x2  
  45  3:41  Extractor  
  44  3:49  Zergling x8  
  44  3:50  Drone x3  
  44  3:53  Extractor  
  50  3:58  Drone  
  51  4:05  Spire  
  47  4:21  Overlord  
  46  4:25  Drone x6  
  46  4:28  Overlord  
  52  4:35  Hatchery  
  52  4:36  Overlord x2  
  51  4:43  Spore Crawler  
  50  4:47  Drone x2  
  52  4:53  Zergling x4  
  54  5:02  Zergling x4  
  53  5:22  Mutalisk x7  
  67  5:29  Mutalisk  
  68  5:44  Mutalisk  
  68  5:45  Mutalisk  
  71  5:53  Zergling x8  
  71  5:54  Zergling x8  
  77  5:57  Baneling Nest  
  76  6:05  Zergling x6  
Show
View Real Time Build Order
Export as new Build Order

Semper Terran 

Build Orders: Liberator Opening, Reaper Expand 

Get SALT Encoding   

  12  0:00  SCV  
  13  0:13  SCV  
  14  0:17  Supply Depot  
  14  0:25  SCV  
  15  0:38  SCV  
  15  0:40  Barracks  
  16  0:44  Refinery  
  16  0:51  SCV  
  17  1:03  SCV  
  18  1:15  SCV  
  19  1:27  Orbital Command  
  19  1:28  Reaper  
  20  1:39  Command Center  
  20  1:52  Supply Depot  
  20  1:53  SCV  
  21  1:59  Marine  
  22  2:07  SCV  
  23  2:11  Factory  
  23  2:14  Refinery  
  23  2:19  SCV  
  24  2:22  Engineering Bay  
  24  2:26  Barracks Reactor  
  24  2:32  SCV  
  24  2:44  SCV  
  25  2:52  Orbital Command  
  25  2:59  SCV  
  25  3:01  Starport  
  26  3:11  Hellion x2  
  30  3:14  SCV  
  30  3:18  SCV  
  32  3:22  Marine  
  32  3:23  Liberator  
  33  3:27  SCV  
  33  3:33  Hellion x2  
  38  3:38  SCV  
  41  3:43  SCV  
  41  3:46  Barracks Tech Lab  
  42  3:50  SCV  
  42  3:55  Supply Depot  
  43  3:57  Supply Depot  
  43  3:59  SCV  
  43  4:02  SCV  
  45  4:05  Marine  
  46  4:13  SCV, Hellion  
  48  4:17  Hellion  
  48  4:19  SCV  
  43  4:25  SCV  
  43  4:31  SCV  
  43  4:33  Marine  
  43  4:34  Stimpack  
  43  4:36  Command Center  
  43  4:37  SCV  
  46  4:43  SCV  
  47  4:49  Barracks x2, SCV  
  48  4:52  Marine  
  48  4:53  Factory Tech Lab, Starport Reactor  
  48  4:55  SCV  
  50  5:01  SCV  
  51  5:10  Marine  
  51  5:13  SCV  
  51  5:14  SCV  
  50  5:25  SCV  
  50  5:26  Siege Tank, Engineering Bay  
  54  5:28  Marine  
  54  5:29  Engineering Bay  
  54  5:30  SCV  
  54  5:32  Refinery  
  54  5:33  Refinery  
  56  5:37  Marine x2  
  56  5:38  SCV  
  56  5:40  Starport Reactor  
  58  5:47  SCV  
  57  5:50  SCV  
  57  5:54  Marine x2  
  57  5:55  Marine  
  61  6:00  SCV  
  61  6:02  SCV, Orbital Command  
  61  6:03  Marine  
  61  6:04  Marine  
  67  6:12  Marine x2, SCV  
  67  6:13  Marine  
  67  6:14  SCV  
  67  6:17  Missile Turret  
  68  6:20  Missile Turret  
  62  6:27  Missile Turret  
Tags
 
Add a new tag
Caveats
  • Supply blocks, unpowered buildings, or Contaminate may cause inaccurate times.
  • Supply counts are checked every 10 seconds.